 Dungeon Crawl Stone Soup version 0.27-a0-1193-g8631133539 (webtiles) character file.

Game seed: 9860401549384392804

22 EnegeticOcto the Magician (level 3, -2/25 HPs)
             Began as a Djinni Earth Elementalist on May 25, 2021.
             Shot with a stone by a goblin (4 damage)
             ... on level 3 of the Dungeon.
             The game lasted 00:00:42 (101 turns).

EnegeticOcto the Magician (DjEE)                     Turns: 101, Time: 00:00:43

Health: -2/25      AC:  2    Str:  7    XL:     3   Next: 7%
Gold:   20         EV: 12    Int: 17    God:
                   SH:  0    Dex: 13

rFire    + + .     SeeInvis .   (no weapon)
rCold    x . .     Faith    .   (no shield)
rNeg     . . .     Spirit   .   c - +0 robe
rPois    ∞         Reflect  .   (no helmet)
rElec    .         Harm     .   (no cloak)
rCorr    .         Rampage  .   (no gloves)
Will     .....                  (boots unavailable)
Stlth    ++........             (no amulet)
HPRegen  0.08/turn              (no ring)
MPRegen  0.00/turn              (no ring)

@: flying
A: sickness immunity, fire resistance 2, cold vulnerability 1, float, innate
caster, hp casting, extra vitality 1
a: no special abilities


You were on level 3 of the Dungeon.
You visited 1 branch of the dungeon, and saw 3 of its levels.

You collected 20 gold pieces.

Inventory:

Missiles
 b - 16 stones
Armour
 c - a +0 robe (worn)
 d - a scarf of repulsion
   (You found it on level 3 of the Dungeon)
Scrolls
 a - 2 scrolls of amnesia {unknown}


   Skills:
 - Level 2.4 Dodging
 - Level 1.8 Stealth
 + Level 2.9 Spellcasting


You couldn't memorise any spells.
You knew the following spells:

 Your Spells              Type           Power      Damage    Failure   Level
a - Sandblast             Erth           24%        2d8       5%          1
b - Stone Arrow           Conj/Erth      24%        3d8       16%         3
c - Petrify               Tmut/Erth      12%        N/A       45%         4
d - Lee's Rapid Deconstr  Erth           6%         3d7*      82%         5
e - Pain                  Necr           48%        1d6       5%          1
p - Passwall              Tmut/Erth      10%        N/A       8%          2
Your spell library was empty.

Dungeon Overview and Level Annotations

Branches:
Dungeon (3/15)

Altars:


Innate Abilities, Weirdness & Mutations

You are immune to sickness and miasma.
You are immune to poison.
Your flesh is very heat resistant. (rF++)
You are vulnerable to cold. (rC-)
You float through the air rather than walking.
You learn spells naturally, not from books.
Your magical power is your life essence.
You have superior vitality. (+4 HP)


Message History

Casting: Sandblast (safe; 7% risk of failure)
Confirm with . or Enter, or press ? or * to list all spells.
Aiming: Sandblast (safe; 7% risk of failure)
Press: ? - help, Shift-Dir - straight line, f - adder
Aim: an adder (66% to hit)
The blast of sand hits the adder!
The adder is severely wounded.
Casting: Sandblast (safe; 7% risk of failure)
Confirm with . or Enter, or press ? or * to list all spells.
Aiming: Sandblast (safe; 7% risk of failure)
Press: ? - help, Shift-Dir - straight line, f/p - adder
Aim: an adder (severely wounded, 66% to hit)
The blast of sand hits the adder!
You kill the adder!
You now have 7 gold pieces.
A kobold comes into view. It is wielding a +0 club.
Casting: Sandblast (safe; 6% risk of failure)
Confirm with . or Enter, or press ? or * to list all spells.
Aiming: Sandblast (safe; 6% risk of failure)
Press: ? - help, Shift-Dir - straight line, f - kobold
Aim: a kobold, wielding a +0 club and quivering stones (wandering, hasn't noticed you, 74% to hit)
The blast of sand hits the kobold.
The kobold is heavily wounded.
The kobold shouts!
The kobold misses you.
The kobold throws a stone.
The stone closely misses you.
Casting: Sandblast (safe; 6% risk of failure)
Confirm with . or Enter, or press ? or * to list all spells.
Aiming: Sandblast (safe; 6% risk of failure)
Press: ? - help, Shift-Dir - straight line, f/p - kobold
Aim: a kobold, wielding a +0 club and quivering stones (heavily wounded, 74% to hit)
The blast of sand hits the kobold.
You kill the kobold!
* * * LOW HITPOINT WARNING * * *
You now have 20 gold pieces (gained 13).
Found an escape hatch in the floor.
A bat comes into view.
There is an escape hatch in the floor here.
Really go through this one-way escape hatch?
You fly downwards.
The hatch slams shut behind you.
Found 2 scrolls labelled MAVUMEI XOEPPU.
Found a stone staircase leading up.
A bat comes into view.
Found a glowing scarf.
A goblin comes into view. It is wielding a +0 dagger.
Casting: Sandblast (safe; 6% risk of failure)
Confirm with . or Enter, or press ? or * to list all spells.
Aiming: Sandblast (safe; 6% risk of failure)
Press: ? - help, Shift-Dir - straight line, f - you That would be overly suicidal.
Okay, then.
A goblin comes into view. It is wielding a +0 club.
Found a stone staircase leading up.
Casting: Sandblast (safe; 6% risk of failure)
Confirm with . or Enter, or press ? or * to list all spells.
Aiming: Sandblast (safe; 6% risk of failure)
Press: ? - help, Shift-Dir - straight line, f - bat
Aim: a bat (asleep, 100% to hit)
The blast of sand hits the bat.
You kill the bat!
* * * LOW HITPOINT WARNING * * *
You have reached level 3!
Your experience leads to an increase in your attributes!
Increase (s)trength, (i)ntelligence, or (d)exterity?
You feel clever.
The power to cast Pain wells up from within.
Spell assigned to 'e'.
Found a ring mail.
Casting: Sandblast (safe; 5% risk of failure)
Confirm with . or Enter, or press ? or * to list all spells.
Aiming: Sandblast (safe; 5% risk of failure)
Press: ? - help, Shift-Dir - straight line, f - goblin
Aim: a goblin, wielding a +0 dagger (asleep, 100% to hit)
The blast of sand hits the goblin.
You kill the goblin!
* * * LOW HITPOINT WARNING * * *
a - 2 scrolls labelled MAVUMEI XOEPPU
Things that are here:
a +0 dagger; a goblin corpse
There is a shaft here.
Found a stone staircase leading down.
The goblin shouts!
The goblin unwields a +0 club.
The goblin wields a +0 hunting sling.
The goblin shoots a stone.
The stone hits you.
* * * LOW HITPOINT WARNING * * *
You see here a scarf of repulsion.
d - a scarf of repulsion The goblin shoots a stone.
The stone hits you.
* * * LOW HITPOINT WARNING * * *
Found 18 stones.
The goblin shoots a stone.
The stone closely misses you.
Casting: Sandblast (safe; 5% risk of failure)
Confirm with . or Enter, or press ? or * to list all spells.
Aiming: Sandblast (safe; 5% risk of failure)
Press: ? - help, Shift-Dir - straight line, f - goblin
Aim: a goblin, wielding a +0 hunting sling and quivering stones (74% to hit)
The blast of sand misses the goblin.
* * * LOW HITPOINT WARNING * * *
The goblin shoots a stone.
The stone hits you.
You die...

........###.#...
...#.........#......
...##....#.........## ##
....................##..
.................>.....
#.##....<.....g....#.#
.....................#
..##...............#
................@..#
....)...^..........###..
.......................(.
..............<...#.#####
######..[..#........#
########.....### #.....#
#.....# #.....#


You could see a goblin.

Vanquished Creatures
  An adder (D:2)
  A dart slug (D:1)
  A bat (D:3)
  2 endoplasms (D:1)
  A kobold (D:2)
  A frilled lizard (D:2)
  3 goblins
10 creatures vanquished.

Notes
Turn   | Place    | Note
-------+----------+-------------------------------------------
     0 | D:1      | EnegeticOcto the Djinni Earth Elementalist began the quest
                  | for the Orb.
     0 | D:1      | Reached XP level 1. HP: 15/15 MP: 0/0
    16 | D:1      | Reached XP level 2. HP: 9/21 MP: 0/0
    78 | D:3      | Reached XP level 3. HP: 8/25 MP: 0/0
    78 | D:3      | Learned a level 1 spell: Pain
   101 | D:3      | Shot with a stone by a goblin

Illustrated notes

Levels and vault maps discovered:
D:1:      ebering_trefoil_twist, layout_basic
D:2:      layout_basic, chequers_serial_rivers_micro_a
D:3:      gammafunk_steamed_eel, layout_rooms, general_overflow_altar,
          shapermc_ecumenical_altar_hornbeckon

Action                   || total
-------------------------++-------
 Cast: Sandblast         ||    14
Dodge: Dodged            ||     4

Table legend: (Time is in decaauts)
 A = Elapsed time spent in this place.
 B = Non-inter-level travel time spent in this place.
 C = Inter-level travel time spent in this place.
 D = Time resting spent in this place.
 E = Time spent auto-exploring this place.
 F = Levels seen in this place.
 G = Mean time per level.
                   A        B        C        D        E       F      G
               +--------+--------+--------+--------+--------+-----+--------+
         Total |    100 |    100 |      0 |      0 |      0 |   3 |   33.3 |
       Dungeon |    100 |    100 |      0 |      0 |      0 |   3 |   33.3 |
               +--------+--------+--------+--------+--------+-----+--------+

Top non-repeatable levels by time:
     D:1: 36 daAuts
     D:2: 35 daAuts
     D:3: 28 daAuts
